 Dungeon Crawl Stone Soup version 0.27-a0-1434-g6f15984924 (webtiles) character file.

Game seed: 2677149547499673828

11073 quinnr the Stormcaller (level 11, -1/64 HPs)
             Began as a Tengu Air Elementalist on July 3, 2021.
             Was a Believer of Vehumet.
             Slain by a polar bear (5 damage)
             ... in an ice cave.
             The game lasted 00:51:08 (17902 turns).

quinnr the Stormcaller (Tengu Air Elementalist)    Turns: 17902, Time: 00:51:08

Health: -1/64      AC:  8    Str:  9    XL:     11   Next: 72%
Magic:  3/24       EV: 17    Int: 18    God:    Vehumet [**....]
Gold:   5          SH:  0    Dex: 15    Spells: 2/26 levels left

rFire    . . .     SeeInvis .   m - +0 lajatang
rCold    + + .     Faith    .   (shield currently unavailable)
rNeg     . . .     Spirit   .   t - +2 leather armour {rC+}
rPois    +         Reflect  .   (helmet restricted)
rElec    .         Harm     .   x - +0 cloak of Happiness {rPois}
rCorr    .         Rampage  .   v - +1 pair of gloves
Will     +....                  (boots unavailable)
Stlth    ++........             (no amulet)
HPRegen  0.20/turn              f - ring "Foid" {Wiz rC+}
MPRegen  0.19/turn              R - ring of willpower

@: flying quickly and evasively, quick
A: beak, talons 3, nimble flight
a: Renounce Religion


You were in an ice cave.
You worshipped Vehumet.
Vehumet was pleased with you.
You visited 2 branches of the dungeon, and saw 12 of its levels.
You visited 1 bazaar.
You also visited: Sewer and Ice Cave.

You collected 629 gold pieces.
You spent 624 gold pieces at shops.

Inventory:

Hand Weapons
 m - a +0 lajatang (weapon)
 F - the +8 hunting sling of Lacaegom {freeze, *Slow +Blink rF+}
   (You found it on level 8 of the Dungeon)

   It causes projectiles fired from it to freeze those they strike, causing
   extra injury to most foes and up to half again as much damage against
   particularly susceptible opponents.
   They can also slow down cold-blooded creatures.
   rF:        It protects you from fire.
   +Blink:    It lets you blink.
   *Slow:     It may slow you when you take damage.
 Q - a +6 great sword of freezing
Missiles
 o - 79 poisoned darts
 D - 2 throwing nets
 J - a curare-tipped dart
 K - 33 sling bullets
Armour
 a - a +0 robe
 t - a +2 leather armour of cold resistance (worn)
 v - a +1 pair of gloves (worn)
 x - the +0 cloak of Happiness (worn) {rPois}
   (You found it on level 7 of the Dungeon)

   rPois:     It protects you from poison.
Jewellery
 f - the ring "Foid" (left hand) {Wiz rC+}
   (You acquired it on level 3 of the Dungeon)

   [ring of wizardry]

   It improves your spell success rate.
   rC:        It protects you from cold.
 R - a ring of willpower (right hand)
 T - a ring of ice
Wands
 n - a wand of polymorph (9)
 q - a wand of flame (1)
 P - a wand of charming (10)
Scrolls
 d - 4 scrolls of magic mapping
 h - 10 scrolls of teleportation
 l - 5 scrolls of fear
 p - a scroll of blinking
 u - a scroll of brand weapon {unknown}
 y - a scroll of holy word {unknown}
 A - a scroll of immolation {unknown}
 L - 2 scrolls of fog
Potions
 b - a potion of attraction
 c - a potion of resistance
 e - 2 potions of lignification
 i - 5 potions of brilliance
 j - 2 potions of mutation
 k - a potion of magic {unknown}
 B - a potion of degeneration {unknown}
 G - 2 potions of heal wounds
 H - a potion of berserk rage
 I - 3 potions of might
 M - a potion of haste


   Skills:
 + Level 5.4 Fighting
 + Level 7.2 Dodging
 - Level 4.0 Stealth
 - Level 8.0 Spellcasting
 - Level 7.2 Conjurations
 - Level 1.4 Summonings
 + Level 15.2 Air Magic
 - Level 2.0 Poison Magic


You had 2 spell levels left.
You knew the following spells:

 Your Spells              Type           Power      Damage    Failure   Level
a - Summon Lightning Spi  Summ/Air       37%        N/A       1%          4
b - Airstrike             Air            29%        N/A       1%          4
c - Mephitic Cloud        Conj/Pois/Air  36%        N/A       1%          3
d - Lightning Bolt        Conj/Air       23%        1d39      1%          5
e - Maxwell's Capacitive  Air            29%        ∞         52%         8

Your spell library contained the following spells:

 Spells                   Type           Power      Damage    Failure   Level
 Poisonous Vapours        Pois/Air       76%        N/A       1%          2
 Magic Dart               Conj           100%       1d8       1%          1
 Shock                    Conj/Air       100%       1d9       1%          1
 Corpse Rot               Necr/Air       N/A        N/A       1%          2
 Searing Ray              Conj           66%        3d5       1%          2
 Static Discharge         Conj/Air       47%        N/A       1%          2
 Summon Small Mammal      Summ           48%        N/A       3%          1
 Call Imp                 Summ           12%        N/A       4%          2
 Animate Skeleton         Necr           14%        N/A       6%          1
 Apportation              Tloc           14%        N/A       6%          1
 Corona                   Hex            7%         N/A       6%          1
 Blink                    Tloc           N/A        N/A       9%          2
 Ensorcelled Hibernation  Hex/Ice        14%        N/A       9%          2
 Sublimation of Blood     Necr           3%         N/A       9%          2
 Wereblood                Tmut           7%         N/A       9%          2
 Swiftness                Air            58%        N/A       1%          3
 Fulminant Prism          Conj/Hex       10%        3d9       12%         4
 Lesser Beckoning         Tloc           3%         N/A       16%         3
 Ozocubu's Armour         Ice            7%         N/A       16%         3
 Tukima's Dance           Hex            7%         N/A       16%         3
 Animate Dead             Necr           3%         N/A       45%         4
 Dispel Undead            Necr           7%         3d8       45%         4
 Borgnjor's Vile Clutch   Necr/Erth      3%         N/A       80%         5
 Manifold Assault         Tloc           7%         N/A       80%         5
 Death Channel            Necr           3%         N/A       100%        6
 Ozocubu's Refrigeration  Ice            3%         4d5       100%        7
 Summon Hydra             Summ           6%         N/A       100%        7
 Chain Lightning          Conj/Air       23%        3d31      100%        9


Dungeon Overview and Level Annotations

Branches:
Dungeon (11/15)            Temple (1/1) D:7            Lair (0/6) D:10
  Sewer (visited)           IceCv (1/1)
    Orc: D:9-12

Altars:
Ashenzari
Cheibriados
Dithmenos
Elyvilon
Fedhas
Gozag
Hepliaklqana
Kikubaaqudgha
Makhleb
Nemelex Xobeh
Okawaru
Qazlal
Ru
Sif Muna
Trog
Uskayaw
Vehumet
Wu Jian
Xom
Yredelemnul
Zin
The Shining One

Shops:
D:4 [

Annotations:
D:11 pigah's ghost, journeyman OpWn


Innate Abilities, Weirdness & Mutations

You have a beak for a mouth.
You have claws for feet.
Your magical nature lets you fly swiftly and evasively.


Message History

The polar bear bites your lightning spire!!
Your lightning spire is destroyed!
The polar bear growls angrily.
Aiming: Throw Flame
Press: ? - help, Shift-Dir - straight line, f/p - polar bear
Aim: a polar bear (severely wounded, 77% to hit)
The puff of flame hits the polar bear.
The polar bear is severely wounded.
Unknown command.
You start resting.
A polar bear is nearby!
Aiming: Throw Flame
Press: ? - help, Shift-Dir - straight line, f/p - polar bear
Aim: a polar bear (severely wounded, 77% to hit)
The puff of flame hits the polar bear.
The polar bear is almost dead.
The polar bear goes berserk!
Unknown command.
The polar bear barely misses you. The polar bear closely misses you. x2
The polar bear rages.
The polar bear bites you!! The polar bear closely misses you.
The polar bear claws you but does no damage.
The polar bear closely misses you. The polar bear barely misses you.
The polar bear closely misses you.
The polar bear misses you. x2; The polar bear barely misses you.
You see here a yak skeleton.
The polar bear closely misses you. The polar bear claws you.
The polar bear barely misses you.
The polar bear rages.
The polar bear bites you! The polar bear misses you.
The polar bear claws you but does no damage.
Aiming: Throw Flame
Press: ? - help, Shift-Dir - straight line, f/p - polar bear
Aim: a polar bear (severely wounded, berserk, 77% to hit)
The puff of flame hits the polar bear.
The polar bear is severely wounded.
The polar bear bites you!!
* * * LOW HITPOINT WARNING * * *
The polar bear claws you.
You die...

#### ####
##..## #..#####
#..∩.#
##......#####
##....#
##..#.@h.....##
#..∩.##
#..#####......#
##...## ##.##
###....# ###..#
#..# ####÷#
#..# #.## #.##
##.###.# #.##
#..##..# ####.#
#.###.##
##.#.##
##.##.##
##....##


You could see a polar bear (berserk).

Vanquished Creatures
  A two-headed ogre (D:10)
  Pikel (D:4)
  An orc sorcerer (D:10)
  A manticore (D:11)
  A gargoyle (D:9)
  Joseph (D:7)
  Psyche (D:10)
  A troll (D:10)
  4 polar bears (IceCv)
  2 shadows
  2 wyverns (D:8)
  2 yaks
  A wraith (D:10)
  2 steam dragons (D:9)
  3 water moccasins
  3 sky beasts
  2 necrophages
  3 orc warriors
  A black bear (D:7)
  3 wolves (IceCv)
  3 centaurs
  An ogre (D:6)
  A lemure (D:4)
  3 bullfrogs
  3 scorpions
  7 wights
  A killer bee (D:10)
  2 electric eels (D:9)
  A howler monkey (D:6)
  A bullfrog zombie (D:5)
  5 centaur zombies
  A bullfrog skeleton (D:7)
  A jelly (D:5)
  2 orc priests
  2 centaur skeletons
  A gnoll shaman (D:8)
  Terence (D:3)
  Natasha (thrice) (D:4)
  An iguana (D:5)
  3 orc wizards
  A killer bee zombie (D:8)
  A howler monkey zombie (D:9)
  4 gnolls
  11 adders
  A howler monkey skeleton (D:7)
  5 white imps
  An ufetubus (D:4)
  An adder skeleton (D:4)
  2 worms
  2 dart slugs
  11 orcs
  5 endoplasms
  10 giant cockroaches
  5 goblins
  3 hobgoblins
  12 jackals
  6 quokkas
  12 ball pythons
  4 bats
  4 frilled lizards
  15 kobolds
  8 rats
  A spectral orc (D:4)
204 creatures vanquished.

Vanquished Creatures (collateral kills)
  Erolcha (D:9)
  A death yak (IceCv)
  A yaktaur (D:10)
  2 shadows (D:10)
  A wraith (D:10)
  2 wyverns
  5 yaks
  A vampire mosquito (D:10)
  3 wolves (IceCv)
  4 kobold brigands (D:9)
  A killer bee (D:10)
  3 wights
  2 orc wizards
  A howler monkey zombie (D:10)
  8 white imps (D:11)
  3 orcs
  17 kobolds (D:9)
56 creatures vanquished.

Vanquished Creatures (others)
  11 fungi (D:9)
  47 plants
  4 toadstools (D:9)
62 creatures vanquished.

Grand Total: 322 creatures vanquished

Notes
Turn   | Place    | Note
-------+----------+-------------------------------------------
     0 | D:1      | quinnr the Tengu Air Elementalist began the quest for the
                  | Orb.
     0 | D:1      | Reached XP level 1. HP: 10/10 MP: 4/4
   277 | D:1      | Reached XP level 2. HP: 15/15 MP: 1/6
   574 | D:1      | Reached skill level 5 in Air Magic
   841 | D:1      | Found a faded altar of an unknown god.
   964 | D:2      | Reached XP level 3. HP: 19/19 MP: 0/7
  1213 | D:2      | Reached skill level 6 in Air Magic
  1702 | D:2      | Reached XP level 4. HP: 24/24 MP: 6/8
  2578 | D:3      | Identified a scroll of acquirement
  2578 | D:3      | Acquired the ring "Foid" {Wiz rC+}
  2924 | D:3      | Reached skill level 7 in Air Magic
  3011 | D:3      | Learned a level 4 spell: Airstrike
  3375 | D:3      | Noticed Terence
  3432 | D:3      | Killed Terence
  3433 | D:3      | Gained mutation: Your magical nature lets you fly swiftly
                  | and evasively. [Tengu growth]
  3433 | D:3      | Reached XP level 5. HP: 9/28 MP: 0/9
  4001 | D:3      | Found a hide-covered altar of Uskayaw.
  4166 | D:4      | Reached skill level 8 in Air Magic
  4299 | D:4      | quinnr: ??corpse rot
  4299 | D:4      | beem: corpse rot[1/3]: L2 Necromancy/Air. In the {book of
                  | Death} and {Fen Folio}. Rots all corpses in LOS (leaving
                  | skeletons) and places that many miasma clouds on random
                  | tiles adjacent to you.
  4299 | D:4      | quinnr: ??miasma
  4299 | D:4      | beem: miasma[1/1]: Poisons, slows and gives a 50% chance of
                  | rotting per turn. The poison is resistible by rPois but the
                  | slow and rot are only resistible (for players) by being
                  | undead, being a demonspawn with the miasma mutation,
                  | nonliving (statue form & gargoyles), having rRot (like VS
                  | do) or using Zin's vitalisation.
  4299 | D:4      | quinnr: ??corpse rot[2
  4299 | D:4      | beem: corpse rot[2/3]: Prior to 0.25: level 2 necromancy.
                  | Produces a single square of miasma over any nearby corpses
                  | (range is something like 6 away from you), turning the
                  | corpses into skeletons. If there are multiple corpses on a
                  | square, only one of the corpses will be affected. The
                  | miasma lasts approximately 12 turns.
  4299 | D:4      | quinnr: ??corpse rot[3
  4299 | D:4      | beem: poisonous vapours[2/2]: Monsters that are in a
                  | harmful cloud don't mind walking into additional harmful
                  | clouds - so combine with Conjure Flame to encourage that
                  | ogre to walk into fire.
  4406 | D:4      | Found a glowing silver altar of Zin.
  4590 | D:4      | Reached XP level 6. HP: 32/32 MP: 6/10
  4853 | D:4      | Found Luipn's Armour Boutique.
  4994 | D:4      | Noticed Natasha
  4995 | D:4      | Killed Natasha
  5152 | D:4      | Found a basalt altar of Yredelemnul.
  5319 | D:4      | Noticed Natasha
  5324 | D:4      | Killed Natasha
  5382 | D:5      | Entered Level 5 of the Dungeon
  5655 | D:5      | Noticed a sky beast
  5713 | D:5      | Killed a sky beast
  5714 | D:5      | Reached skill level 9 in Air Magic
  5714 | D:5      | Reached XP level 7. HP: 36/36 MP: 3/14
  6215 | D:5      | Learned a level 3 spell: Mephitic Cloud
  6221 | D:5      | Learned a level 5 spell: Lightning Bolt
  6291 | D:5      | Noticed Pikel
  6320 | D:4      | Reached skill level 10 in Air Magic
  6521 | D:4      | Killed Pikel
  6522 | D:4      | Reached skill level 11 in Air Magic
  6522 | D:4      | Reached XP level 8. HP: 22/41 MP: 2/15
  6599 | D:4      | Noticed Natasha
  6600 | D:4      | Killed Natasha
  6601 | D:4      | Reached skill level 12 in Air Magic
  7005 | D:6      | Found a glowing drain.
  7009 | Sewer    | Entered a sewer
  7537 | Sewer    | Reached skill level 13 in Air Magic
  7867 | D:7      | Noticed Joseph
  7869 | D:7      | quinnr: @?joesph
  7869 | D:7      | beem: unknown monster: "joesph"
  7869 | D:7      | quinnr: @?joseph
  7869 | D:7      | beem: Joseph (@)
                  | Spd:
    10 | HD: 6    | HP: 53-81
                  | AC/EV: 4/9
                  | | Dam: 15
                  | weapons, items, doors, fighter, archer
                  | Res:
                  | magic(40)
                  | Corpse
                  | XP:
   455 | Sz: Medium | Int: human.
  7881 | D:7      | Killed Joseph
  7882 | D:7      | Reached skill level 1 in Fighting
  7882 | D:7      | Reached skill level 1 in Poison Magic
  7882 | D:7      | Reached XP level 9. HP: 38/48 MP: 12/16
  8027 | D:7      | Identified the +0 cloak of Happiness {rPois}
  8439 | D:7      | Found a sacrificial altar of Ru.
  8659 | D:7      | Found a staircase to the Ecumenical Temple.
  8668 | Temple   | Entered the Ecumenical Temple
  8959 | Temple   | quinnr: !whichgod TeAE
  8959 | Temple   | beem: 87 recent wins for TeAE: 41x Vehumet, 12x Sif Muna,
                  | 12x Gozag, 6x Ashenzari, 3x Ru, 2x The Shining One, 2x
                  | Dithmenos, Wu Jian, Cheibriados, Elyvilon, Hepliaklqana,
                  | Kikubaaqudgha, Makhleb, Qazlal, Trog, Uskayaw
  8959 | Temple   | quinnr: ??sif muna
  8959 | Temple   | beem: sif muna[1/4]: God of magic and knowledge: 1*:
                  | {channel magic}, 3*: {amnesia}, 4*: {divine exegesis}, 5*:
                  | book gifts (see {book acquirement}). Piety is gained from
                  | kills.
  8959 | Temple   | quinnr: ??sif muna[2
  8959 | Temple   | beem: sif muna[2/4]: In 0.24, {divine energy} was given at
                  | 1* instead of channel magic, which was given at 3*. Divine
                  | exegesis didn't exist and {miscast protection} was given at
                  | 2* instead. Piety was given 2/3 from training magic skills
                  | (including spellcasting} and 1/3 from kills. Neither
                  | aptitudes nor the level of skill influenced piety rewarded.
  8959 | Temple   | quinnr: ??channel magic
  8959 | Temple   | beem: channel magic[1/1]: A 3* Sif Muna ability new to
                  | 0.19, gives a big boost to MP regeneration for a duration
                  | of 4 + random2avg(2 * INVOCATIONS / 3)
  8959 | Temple   | quinnr: ??amnesia
  8959 | Temple   | beem: amnesia[1/1]: This scroll/invocation allows the
                  | player to dememorise one spell of their choosing. See also
                  | {spell levels}. Sif ability is 5 MP, 8-~13 piety.
  8987 | Temple   | quinnr: ??divine exegenisis
  8987 | Temple   | beem: divine exegenisis ~ divine exegesis[1/1]: A 4*
                  | invocation of {sif muna} that lets the player cast any
                  | spell in their library without failure and with a bonus to
                  | spellpower from invocations. The invocations bonus is worth
                  | 150% of the spellpower conferred from equivalent levels of
                  | training in the spell's schools.
  9422 | D:6      | Learned a level 4 spell: Summon Lightning Spire
  9716 | D:7      | Reached skill level 5 in Spellcasting
 10427 | D:8      | Reached skill level 14 in Air Magic
 10802 | D:8      | Identified the +8 hunting sling of Lacaegom {freeze, *Slow
                  | +Blink rF+}
 10804 | D:8      | quinnr: ??*Slow
 10804 | D:8      | beem: *slow[1/2]: Randart property that has 1% chance to
                  | {slow}you for 10-14 turns whenever you take damage while
                  | worn. Ignores damage over time from poison. Replacement for
                  | *Confuse.
 10804 | D:8      | quinnr: ??*Slow[2
 10804 | D:8      | beem: *slow[2/2]: negated by stasis
 10885 | D:8      | Reached XP level 10. HP: 41/53 MP: 3/20
 11024 | D:8      | Reached skill level 5 in Dodging
 11466 | D:8      | Found a burning altar of Makhleb.
 11472 | D:8      | Found a hazy altar of Hepliaklqana.
 11472 | D:8      | Found a radiant altar of Vehumet.
 11475 | D:8      | Found an opulent altar of Gozag.
 11481 | D:8      | Became a worshipper of Vehumet
 11760 | D:9      | Got the Papyrus of the Tired Mouths
 11809 | D:9      | Found a stormy altar of Qazlal.
 11813 | D:9      | Found a blossoming altar of Fedhas.
 11857 | D:9      | Reached skill level 5 in Conjurations
 12304 | D:9      | Noticed a gargoyle
 12328 | D:9      | Killed a gargoyle
 12787 | D:9      | Noticed Erolcha
 13274 | D:9      | Reached * piety under Vehumet
 13274 | D:9      | Offered knowledge of Foxfire by Vehumet.
 13987 | D:9      | quinnr: @?erol
 13987 | D:9      | beem: unknown monster: "erol"
 13987 | D:9      | quinnr: @?erolcha
 13987 | D:9      | beem: Erolcha (O)
                  | Spd:
    10 | HD: 6    | HP: 43-66
                  | AC/EV:
                  | 5/7
                  | Dam: 20
                  | weapons, items, doors, spellcaster, see
                  | invisible
                  | Res: magic(60)
                  | Corpse
                  | XP: 1004
                  | Sp: b.cold
                  | (3d14), crystal spear (3d23), slow, haste / force lance
                  | (3d10), fireball (3d14), paralyse, blink / stone arrow
                  | (3d12), b.lightning (3d14), banishment, invisibility
                  | Sz:
                  | Large
                  | Int: human.
 14042 | D:9      | Killed Erolcha
 14210 | D:10     | Entered Level 10 of the Dungeon
 14478 | D:10     | HP: 4/56 [killer bee (4)]
 14782 | D:10     | Noticed an orc sorcerer
 14791 | D:10     | Paralysed by an orc sorcerer for 2 turns
 14792 | D:10     | HP: 4/56 [orc sorcerer/bolt of fire (28)]
 14793 | D:10     | Killed an orc sorcerer
 14794 | D:10     | Reached skill level 1 in Summonings
 15087 | D:10     | quinnr: ??chain lightning
 15087 | D:10     | beem: chain lightning[1/4]: Level 8 conj/air in
                  | Annihilations that arcs from target to target (including
                  | leaving your sight, going around corners, etc) until it
                  | grounds out. You do not aim it. Due to its chainy nature,
                  | be prepared for it to hit you and your allies, possibly
                  | repeatedly. The arcs, including the initial casting, work
                  | most reliably on shorter distances.
 15087 | D:10     | quinnr: ??capacitive coupling
 15087 | D:10     | beem: I don't have a page labeled capacitive_coupling in my
                  | learndb.
 15087 | D:10     | quinnr: ??Maxwell's Capacitive
 15087 | D:10     | beem: I don't have a page labeled Maxwell's_Capacitive in
                  | my learndb.
 15087 | D:10     | quinnr: ??Maxwell's Capacitive Coupling
 15087 | D:10     | beem: I don't have a page labeled
                  | Maxwell's_Capacitive_Coupling in my learndb.
 15087 | D:10     | quinnr: ??Maxwell's Capacitive Coupling
 15087 | D:10     | beem: I don't have a page labeled
                  | Maxwell's_Capacitive_Coupling in my learndb.
 15096 | D:10     | Noticed a two-headed ogre
 15101 | D:10     | Reached XP level 11. HP: 61/61 MP: 7/22
 15105 | D:10     | Killed a two-headed ogre
 15518 | D:10     | Found a staircase to the Lair.
 16192 | D:10     | Learned a level 8 spell: Maxwell's Capacitive Coupling
 16553 | D:10     | Noticed Psyche
 16556 | D:10     | Killed Psyche
 16729 | D:11     | Noticed a manticore
 16733 | D:11     | Killed a manticore
 16779 | D:11     | Found a flickering gateway to a bazaar.
 16780 | D:11     | Noticed a fire giant
 16780 | D:11     | Noticed a two-headed ogre
 16780 | D:11     | Noticed pigah's ghost (journeyman OpWn)
 16807 | Bazaar   | Entered a bazaar
 16807 | Bazaar   | Found Laromnom's Magic Scroll Shoppe.
 16807 | Bazaar   | Found Osyefor's Antique Weapon Shoppe.
 16807 | Bazaar   | Found Zupryom's Distillery.
 16807 | Bazaar   | Found Doshroek's Antique Armour Emporium.
 16832 | Bazaar   | Bought a potion of heal wounds for 65 gold pieces
 16832 | Bazaar   | Bought a potion of attraction for 39 gold pieces
 16832 | Bazaar   | Bought a potion of curing for 39 gold pieces
 16832 | Bazaar   | Bought a potion of resistance for 130 gold pieces
 16834 | Bazaar   | Bought a scroll of enchant weapon for 67 gold pieces
 16834 | Bazaar   | Bought a scroll of enchant weapon for 67 gold pieces
 16834 | Bazaar   | Bought a scroll of fear for 31 gold pieces
 16834 | Bazaar   | Bought a scroll of fear for 31 gold pieces
 16834 | Bazaar   | Bought a scroll of teleportation for 27 gold pieces
 16834 | Bazaar   | Bought a scroll of teleportation for 27 gold pieces
 16834 | Bazaar   | Bought a scroll of magic mapping for 31 gold pieces
 16834 | Bazaar   | Bought a scroll of identify for 18 gold pieces
 16836 | Bazaar   | Bought a potion of brilliance for 52 gold pieces
 16853 | D:11     | Noticed an ogre mage
 16893 | D:11     | Found a frozen archway.
 16907 | D:11     | Reached ** piety under Vehumet
 16907 | D:11     | Offered knowledge of Poisonous Vapours by Vehumet.
 16956 | IceCv    | Entered an ice cave
 17237 | IceCv    | Reached skill level 15 in Air Magic
 17555 | IceCv    | Noticed a death yak
 17570 | IceCv    | Killed a death yak
 17571 | IceCv    | Reached skill level 5 in Fighting
 17902 | IceCv    | HP: 4/64 [polar bear (21)]
 17902 | IceCv    | Slain by a polar bear

Illustrated notes

Levels and vault maps discovered:
D:1:      lemuel_arrival_funnel, layout_basic,
          shapermc_ecumenical_altar_hornbeckon, hex_tiny
D:2:      layout_basic, grunt_decor_clamped, corexii_corridor_pit, minivault_26
D:3:      layout_loops_ring, nicolae_uskayaw_suspiria, uniq_terence
D:4:      layout_loops_corners, yredelemnul_forgotten_temple_becter,
          zin_treasury, serial_shops, shop_statue, minmay_misc_feat_pillars,
          kennysheep_minor_cross, uniq_natasha
D:5:      layout_basic, mrwooster_statue_mirror, uniq_pikel
D:6:      layout_rooms, gup_sewer_entry_spiral
D:7:      layout_basic, general_overflow_altar, minmay_temple_entry_junction,
          uniq_joseph
D:8:      layout_rooms, grunt_temple_overflow_open, serial_curves,
          eino_curves_02, eino_curves_04, chequers_serial_rivers_room_a,
          hangedman_decor_slide_cut
D:9:      layout_basic, grunt_temple_overflow_forces_of_nature, st_stairs_9,
          serial_bayou_lagoon_a, minmay_gold_behind_fungi, uniq_erolcha
D:10:     layout_basic, dpeg_oklobed_lair, evilmike_minifort, uniq_psyche
D:11:     layout_roguey, serial_shops, bzr_entry_water, nicolae_take_the_stairs,
          portal_ice_cave_entry_imps, gammafunk_ghost_split
Temple:   hc_temple_tempest_star
IceCv:    ice_cave_caverns_01

Skill      XL: |  1  2  3  4  5  6  7  8  9 10 11 |
---------------+----------------------------------+-----
Air Magic      | 5 6 7 8 9 11 13 14 15 | 15.2
Spellcasting   | 4 6 7 8 |  8.0
Fighting       | 1 2 4 5 |  5.4
Dodging        | 3 4 6 7 |  7.2
Poison Magic   | 1 2 |  2.0
Conjurations   | 3 7 |  7.2
Stealth        | 4 |  4.0
Summonings     | 1 |  1.4

Action                   |  1- 3 |  4- 6 |  7- 9 | 10-12 || total
-------------------------+-------+-------+-------+-------++-------
Melee: Unarmed           |    10 |     5 |       |       ||    15
       Kick              |     3 |     3 |     5 |    11 ||    22
       Peck              |     2 |     2 |     1 |     4 ||     9
       Lajatang          |       |     7 |    24 |    29 ||    60
       Great sword       |       |       |       |     6 ||     6
Throw: Dart              |       |     7 |       |       ||     7
 Cast: Shock             |    61 |    97 |     7 |       ||   165
       Airstrike         |       |    17 |    79 |   121 ||   217
       Mephitic Cloud    |       |       |     3 |     8 ||    11
       Lightning Bolt    |       |       |     3 |    11 ||    14
       Summon Lightning  |       |       |     2 |    34 ||    36
Evoke: Wand              |       |       |    14 |    16 ||    30
  Use: Scroll            |       |     9 |     5 |     4 ||    18
       Potion            |       |       |     3 |     3 ||     6
 Stab: Sleeping          |       |       |     2 |       ||     2
       Distracted        |       |       |       |     1 ||     1
Armor: Robe              |     2 |     6 |     2 |     9 ||    19
       Leather armour    |       |       |       |     7 ||     7
Dodge: Dodged            |    11 |    22 |    29 |    97 ||   159
       Rpst.: Great sword |       |       |       |     1 ||     1

Table legend: (Time is in decaauts)
 A = Elapsed time spent in this place.
 B = Non-inter-level travel time spent in this place.
 C = Inter-level travel time spent in this place.
 D = Time resting spent in this place.
 E = Time spent auto-exploring this place.
 F = Levels seen in this place.
 G = Mean time per level.
                   A        B        C        D        E       F      G
               +--------+--------+--------+--------+--------+-----+--------+
         Total |  17322 |  16407 |    915 |   4296 |  10114 |  15 | 1154.8 |
       Dungeon |  15316 |  14442 |    874 |   3373 |   9317 |  11 | 1392.4 |
        Temple |    305 |    264 |     41 |      0 |    261 |   1 |  305.0 |
        Bazaar |     33 |     33 |      0 |      0 |      0 |   1 |   33.0 |
         Sewer |    740 |    740 |      0 |    384 |    282 |   1 |  740.0 |
      Ice Cave |    926 |    926 |      0 |    539 |    253 |   1 |  926.0 |
               +--------+--------+--------+--------+--------+-----+--------+

Top non-repeatable levels by time:
     D:9: 2411 daAuts
    D:10: 2366 daAuts
     D:2: 1772 daAuts
     D:7: 1759 daAuts
     D:4: 1746 daAuts
     D:3: 1289 daAuts
     D:1: 1101 daAuts
     D:8: 994 daAuts
   IceCv: 926 daAuts
     D:5: 857 daAuts
     D:6: 827 daAuts
   Sewer: 740 daAuts
  Temple: 305 daAuts
    D:11: 189 daAuts
  Bazaar: 33 daAuts
